 Dungeon Crawl Stone Soup version 0.27.1-2-g3b301248ec (webtiles) character file.

Game seed: 7379738887401041476

189 pkoi the Slasher (level 5, -5/42 HPs)
             Began as a Minotaur Gladiator on Sept 30, 2021.
             Was an Initiate of Okawaru.
             Slain by a sky beast (6 damage)
             ... on level 4 of the Dungeon.
             The game lasted 00:04:44 (4103 turns).

pkoi the Slasher (Minotaur Gladiator)               Turns: 4103, Time: 00:04:45

Health: -5/42      AC:  3    Str: 20    XL:     5   Next: 40%
Magic:  4/4        EV: 12    Int:  5    God:    Okawaru [......]
Gold:   222        SH:  0    Dex: 11    Spells: 4/4 levels left

rFire    . . .     SeeInvis .   i - +2 short sword (venom)
rCold    . . .     Faith    .   (no shield)
rNeg     . . .     Spirit   .   b - +0 leather armour
rPois    .         Reflect  .   c - +0 hat
rElec    .         Harm     .   (no cloak)
rCorr    .         Rampage  .   (no gloves)
Will     .....                  (no boots)
Stlth    +.........             (no amulet)
HPRegen  0.14/turn              (no ring)
MPRegen  0.09/turn              (no ring)

@: studying Maces & Flails
A: horns 2, retaliatory headbutt
a: Renounce Religion


You were on level 4 of the Dungeon.
You worshipped Okawaru.
Okawaru was noncommittal.
You visited 2 branches of the dungeon, and saw 5 of its levels.

You collected 222 gold pieces.

Inventory:

Hand Weapons
 a - a +0 long sword
 i - a +2 short sword of venom (weapon)
Missiles
 d - 4 throwing nets (quivered)
 v - 6 boomerangs
Armour
 b - a +0 leather armour (worn)
 c - a +0 hat (worn)
Jewellery
 k - an amulet of magic regeneration
Scrolls
 f - a scroll of magic mapping
 l - a scroll of vulnerability {unknown}
 o - a scroll of fog
 p - a scroll of enchant armour {unknown}
 q - 2 scrolls of holy word {unknown}
 r - a scroll of teleportation {unknown}
Potions
 e - a potion of berserk rage {unknown}
 g - 2 potions of flight {unknown}
 h - a potion of heal wounds
 j - 2 potions of curing {unknown}
 m - a potion of attraction {unknown}
 n - a potion of cancellation {unknown}
 s - a potion of magic {unknown}
 t - a potion of might {unknown}
 u - 3 potions of mutation {unknown}


   Skills:
 + Level 2.4 Fighting
 + Level 7.4 Long Blades
 - Level 2.0 Throwing
 + Level 0.1 Armour
 - Level 3.2 Dodging
 + Level 0.0 Invocations


You had 4 spell levels left.
You didn't know any spells.
Your spell library contained the following spells:

 Spells                   Type           Power      Damage    Failure   Level
 Magic Dart               Conj           0%         1d3       54%         1
 Call Imp                 Summ           0%         N/A       67%         2
 Mephitic Cloud           Conj/Pois/Air  0%         N/A       88%         3
 Iskenderun's Battlesphe  Conj           0%         2d6       100%        5
 Iron Shot                Conj/Erth      0%         9d1       100%        6
 Spellforged Servitor     Conj/Summ      0%         N/A       100%        7


Dungeon Overview and Level Annotations

Branches:
Dungeon (4/15)             Temple (1/1) D:4

Altars:
Ashenzari
Cheibriados
Dithmenos
Elyvilon
Fedhas
Gozag
Hepliaklqana
Kikubaaqudgha
Makhleb
Nemelex Xobeh
Okawaru
Qazlal
Sif Muna
Trog
Uskayaw
Vehumet
Wu Jian
Xom
Yredelemnul
Zin
The Shining One

Shops:
D:2 (


Innate Abilities, Weirdness & Mutations

You have a pair of horns on your head.
You reflexively headbutt those who attack you in melee.


Message History

The sky beast hits you but does no damage.
You closely miss the sky beast.
The sky beast flickers out of sight!
Deactivating autopickup; reactivate with Ctrl-A.
Something completely misses you.
You barely miss something. You miss something. Your headbutt misses something.
Something hits you. Something shocks you.
You hit something. Something hits you. Something shocks you.
You hit something. You headbutt something.
A sky beast appears from thin air!
Reactivating autopickup.
The sky beast hits you. The sky beast shocks you.
* * * LOW HITPOINT WARNING * * *
You hit the sky beast.
The sky beast looks even sicker.
The sky beast is moderately wounded.
The sky beast barely misses you.
You barely miss the sky beast. Your headbutt misses the sky beast.
The sky beast is moderately wounded.
The sky beast flickers out of sight!
Deactivating autopickup; reactivate with Ctrl-A.
Something hits you.
* * * LOW HITPOINT WARNING * * *
Something shocks you.
* * * LOW HITPOINT WARNING * * *
Unknown command.
You hit something. Something hits you but does no damage.
You hit something. Something hits you but does no damage.
You barely miss something. Your headbutt misses something.
Unknown command.
You barely miss something. Something hits you.
* * * LOW HITPOINT WARNING * * *
Something shocks you.
* * * LOW HITPOINT WARNING * * *
You miss something. Something hits you.
* * * LOW HITPOINT WARNING * * *
Something shocks you.
* * * LOW HITPOINT WARNING * * *
You closely miss something. Something hits you.
* * * LOW HITPOINT WARNING * * *
Something shocks you.
You die...

#... .######........ #####
..#......######
###.######....##. ## ####
##.#.#...#####.... .# ##..#
##.#..#............ .# ####...#
#.###.####.#######.
.###......#.####.#..#
##...#####.
.....###.##.ยง.#{###.#
#.......##. .#####
#.###$#.#@#..###.......### .#
#.# ########.#.........# # .#
#.# #...########### .# ##.#
##### ##.. .######..#### #..#
............### #.##
.###..#####...################.#
.# #..<........................#
.# #.##########....######.....<#


There were no monsters in sight!

Vanquished Creatures
  Terence (D:2)
  An iguana (D:3)
  6 adders
  2 worms (D:2)
  A dart slug (D:3)
  6 bats
  9 endoplasms
  3 giant cockroaches
  4 goblins (D:1)
  12 hobgoblins
  3 quokkas
  3 ball pythons
  3 frilled lizards
  7 kobolds
  A quokka skeleton (D:4)
  12 rats
74 creatures vanquished.

Vanquished Creatures (others)
  2 plants (D:2)
2 creatures vanquished.

Grand Total: 76 creatures vanquished

Notes
Turn   | Place    | Note
-------+----------+-------------------------------------------
     0 | D:1      | pkoi the Minotaur Gladiator began the quest for the Orb.
     0 | D:1      | Reached XP level 1. HP: 18/18 MP: 0/0
    90 | D:1      | Reached skill level 4 in Long Blades
   211 | D:1      | Reached XP level 2. HP: 14/25 MP: 1/1
   533 | D:1      | Reached skill level 5 in Long Blades
   683 | D:1      | Found a faded altar of an unknown god.
   713 | D:1      | Reached XP level 3. HP: 30/30 MP: 2/2
  1136 | D:2      | Found Vuhuvos's Antique Weapon Shoppe.
  1665 | D:2      | Reached XP level 4. HP: 37/37 MP: 3/3
  1724 | D:2      | Reached skill level 6 in Long Blades
  1994 | D:2      | Noticed Terence
  2004 | D:2      | Killed Terence
  2646 | D:3      | Reached XP level 5. HP: 39/42 MP: 4/4
  2703 | D:3      | Reached skill level 7 in Long Blades
  3460 | D:4      | Found a staircase to the Ecumenical Temple.
  3468 | Temple   | Entered the Ecumenical Temple
  3636 | Temple   | Became a worshipper of Warmaster Okawaru
  4086 | D:4      | Noticed a sky beast
  4102 | D:4      | HP: 1/42 [something (5)]
  4103 | D:4      | Slain by a sky beast

Illustrated notes

Levels and vault maps discovered:
D:1:      lightli_arrival_lavapool, layout_basic,
          ebering_ecumenical_altar_abandoned, st_stairs_9,
          minmay_rat_gold_closets
D:2:      layout_basic, serial_shops, nicolae_shop_stone,
          hangedman_glass_garden, uniq_terence
D:3:      layout_loops_ring, minmay_vboxes
D:4:      layout_rooms, minmay_temple_entry_tees, minmay_small_thing
Temple:   kilobyte_greek_temple

Skill      XL: |  1  2  3  4  5 |
---------------+----------------+-----
Long Blades    | 4 5 6 7 |  7.4
Fighting       | |  2.4
Throwing       | |  2.0
Armour         | |  0.1
Dodging        | |  3.2

Action                   |  1- 3 |  4- 6 || total
-------------------------+-------+-------++-------
Melee: Long sword        |    27 |       ||    27
       Headbutt          |    11 |    18 ||    29
       Short sword       |    48 |    85 ||   133
  Use: Scroll            |     3 |       ||     3
 Stab: Sleeping          |     1 |       ||     1
Armor: Leather armour    |     8 |    13 ||    21
Dodge: Dodged            |    42 |    37 ||    79
       Rpst.: Long sword |     7 |       ||     7
